 Dungeon Crawl Stone Soup version 0.25-a0-24-g72dcfe0359 (webtiles) character file.

Game seed: 71455591900404631, levelgen mode: deterministic

3825 Ablot the Magician (level 10, 0/77 HPs)
             Began as a Gnoll Skald on Oct 17, 2019.
             Was a Believer of Okawaru.
             Slain by a wight
             ... wielding a +4 trident
              (5 damage)
             ... on level 9 of the Dungeon.
             The game lasted 00:19:39 (8191 turns).

Ablot the Magician (Gnoll Skald)                    Turns: 8191, Time: 00:19:39

Health: 0/77       AC:  5    Str: 17    XL:     10   Next: 17%
Magic:  10/20      EV: 15    Int: 15    God:    Okawaru [**....]
Gold:   274        SH:  0    Dex: 15    Spells: 12/23 levels left

rFire    + . .     SeeInvis .   a - +0 trident
rCold    + . .     Gourm    .   (no shield)
rNeg     . . .     Faith    .   L - +2 robe {rC+ rF+}
rPois    +         Spirit   .   (no helmet)
rElec    .         Reflect  .   G - +0 cloak
rCorr    .         Harm     .   (no gloves)
MR       .....                  (no boots)
Stlth    ++++......             (no amulet)
HPRegen  1.22/turn              g - ring of stealth
MPRegen  0.17/turn              E - ring of poison resistance

@: regenerating, drained
A: distributed training, fangs 1, strong nose
a: Heroism, Renounce Religion


You were on level 9 of the Dungeon.
You worshipped Okawaru.
Okawaru was pleased with you.
You were not hungry.

You visited 2 branches of the dungeon, and saw 10 of its levels.
You also visited: Sewer and Ossuary.

You collected 274 gold pieces.

Inventory:

Hand Weapons
 a - a +0 trident (weapon)
Missiles
 b - 2 throwing nets
 e - 268 stones
 l - 155 arrows
 m - 6 curare-tipped darts
 p - 17 sling bullets
 s - 37 poisoned darts (quivered)
Armour
 y - the +2 shield of Lugonu's Generosity {Str+2}
   (You found it on level 4 of the Dungeon)

   It affects your strength (+2).
 G - a +0 cloak (worn)
 L - a +2 robe of resistance (worn)
Jewellery
 g - a ring of stealth (left hand)
 E - a ring of poison resistance (right hand)
Wands
 t - a wand of polymorph (6)
 B - a wand of iceblast (4)
 D - a wand of random effects (13)
Scrolls
 j - a scroll of enchant armour {unknown}
 n - 2 scrolls of amnesia
 o - 2 scrolls of remove curse {unknown}
 q - 2 scrolls of magic mapping {unknown}
 r - 2 scrolls of immolation
 w - 3 scrolls of fear
 x - 6 scrolls of teleportation
 z - a scroll of brand weapon {unknown}
 A - 2 scrolls of random uselessness {unknown}
 H - a scroll of holy word {unknown}
 I - 5 scrolls of identify
Potions
 c - 2 potions of agility
 f - 2 potions of heal wounds
 h - 3 potions of brilliance
 i - a potion of might
 k - 2 potions of haste
 u - 3 potions of flight
 v - 4 potions of curing
 C - 2 potions of berserk rage
 F - 2 potions of lignification {unknown}
 J - a potion of magic {unknown}
 K - a potion of invisibility {unknown}
 N - a potion of degeneration {unknown}
 O - a potion of ambrosia {unknown}
Comestibles
 d - 13 rations
 M - 6 chunks of flesh


   Skills:
 + Level 6.8(5.7) Fighting
 + Level 4.9(3.9) Short Blades
 + Level 4.9(3.9) Long Blades
 + Level 4.9(3.9) Axes
 + Level 4.9(3.9) Maces & Flails
 + Level 6.8(5.7) Polearms
 + Level 4.9(3.9) Staves
 + Level 4.9(3.9) Slings
 + Level 4.9(3.9) Bows
 + Level 4.9(3.9) Crossbows
 + Level 4.9(3.9) Throwing
 + Level 5.6(4.6) Armour
 + Level 6.8(5.7) Dodging
 + Level 4.9(3.9) Stealth
 + Level 4.9(3.9) Shields
 + Level 4.9(3.9) Unarmed Combat
 + Level 7.1(6.0) Spellcasting
 + Level 4.1(3.1) Conjurations
 + Level 4.1(3.1) Hexes
 + Level 6.9(5.8) Charms
 + Level 4.1(3.1) Summonings
 + Level 4.1(3.1) Necromancy
 + Level 4.1(3.1) Translocations
 + Level 4.1(3.1) Transmutations
 + Level 4.1(3.1) Fire Magic
 + Level 4.1(3.1) Ice Magic
 + Level 4.1(3.1) Air Magic
 + Level 4.1(3.1) Earth Magic
 + Level 4.1(3.1) Poison Magic
 + Level 5.4(4.4) Invocations
 + Level 4.9(3.9) Evocations


You had 12 spell levels left.
You knew the following spells:

 Your Spells              Type           Power        Failure   Level  Hunger
a - Infusion              Chrm           ###.         1%          1    None
b - Song of Slaying       Chrm           ###.....     1%          2    #......
c - Shroud of Golubria    Chrm/Tloc      ###...       3%          2    #......
d - Regeneration          Chrm/Necr      ###.......   7%          3    ##.....
e - Spectral Weapon       Hex/Chrm       ###.....     7%          3    ##.....

Your spell library contained the following spells:

 Spells                   Type           Power        Failure   Level  Hunger
 Malign Gateway           Summ/Tloc      ##........   100%        7    #######
 Monstrous Menagerie      Summ           ##........   100%        7    #######
 Summon Greater Demon     Summ           ##........   100%        7    #######
 Summon Horrible Things   Summ           ##........   100%        8    #######


Dungeon Overview and Level Annotations

Branches:
Dungeon (9/15)             Temple (1/1) D:5            Lair (0/6) D:9
  Sewer (visited)         Ossuary (visited)
    Orc: D:9-12

Altars:
Ashenzari
Cheibriados
Dithmenos
Elyvilon
Fedhas
Gozag
Hepliaklqana
Kikubaaqudgha
Makhleb
Nemelex Xobeh
Okawaru
Qazlal
Ru
Sif Muna
Trog
Uskayaw
Vehumet
Wu Jian
Xom
Yredelemnul
Zin
The Shining One

Annotations:
D:8 exclusions: hound and two-headed ogre


Innate Abilities, Weirdness & Mutations

Your experience applies equally to all skills.
You have very sharp teeth.
Your uncanny sense of smell can sniff out nearby items.


Message History

Unknown command.
Casting: Shroud of Golubria (safe; 2% risk of failure)
Confirm with . or Enter, or press ? or * to list all spells.
Your skin crawls.
The wight closely misses you. The wight misses you.
The iguana hisses menacingly.
Unknown command.
Casting: Regeneration (safe; 5% risk of failure)
Confirm with . or Enter, or press ? or * to list all spells.
Space distorts slightly along a thin shroud covering your body.
The wight closely misses you. The wight hits you but does no damage.
Unknown command.
You feel much better.
The wight hits you from afar with a +4 halberd!!
* * * LOW HITPOINT WARNING * * *
You feel drained.
* * * LOW HITPOINT WARNING * * *
Your shroud falls apart!
The iguana closely misses you.
The wight hits you from afar with a +4 trident.
You die...

#.................)..#.
#....................#.
....................##
.....................
####.................
#....................
#....###########.....
#....# #..... +..(@#
..... #...l# .....
#...zz ... #......
###..... .......
........ ..........


You could see an iguana, 2 wights and a friendly spectral +0 trident.

Vanquished Creatures
  The ghost of 2BsUSBport the Slasher, an amateur HuFi (D:4)
  A hippogriff (D:8)
  Sigmund (D:6)
  Purgy (Sewer)
  An ice beast (D:6)
  An orc warrior (D:8)
  A phantom (D:4)
  5 ogres
  3 centaurs
  4 bullfrogs
  3 scorpions
  14 wights
  A howler monkey (D:5)
  2 crimson imps (D:8)
  Crazy Yiuf (D:7)
  A bullfrog zombie (D:8)
  2 hounds
  7 orc priests
  A jelly (D:6)
  8 orc wizards
  2 iguanas (D:5)
  4 worker ants
  A killer bee zombie (D:9)
  A hound zombie (D:8)
  12 mummies
  2 worker ant zombies
  A gnoll (D:7)
  6 adders
  2 howler monkey skeletons
  2 shadow imps (D:7)
  2 oozes
  An adder skeleton (D:7)
  5 worms
  3 leopard geckos
  21 orcs
  4 ball pythons
  3 giant cockroaches
  6 goblins
  6 hobgoblins
  13 jackals
  3 quokkas
  4 bats
  9 frilled lizards
  2 goblin skeletons (Ossuary)
  15 kobolds
  3 kobold skeletons (Ossuary)
  2 orc skeletons (Ossuary)
  11 rats
  11 rat skeletons (Ossuary)
216 creatures vanquished.

Vanquished Creatures (others)
  An orc skeleton (Ossuary)
  A spectral weapon (D:4)
2 creatures vanquished.

Grand Total: 218 creatures vanquished

Notes
Turn   | Place    | Note
-------+----------+-------------------------------------------
     0 | D:1      | Ablot the Gnoll Skald began the quest for the Orb.
     0 | D:1      | Reached XP level 1. HP: 20/20 MP: 6/6
    84 | D:1      | Reached XP level 2. HP: 19/26 MP: 5/7
    97 | D:1      | Learned a level 2 spell: Song of Slaying
   100 | D:1      | Learned a level 2 spell: Shroud of Golubria
   229 | D:1      | Reached XP level 3. HP: 19/31 MP: 9/9
   264 | D:1      | Learned a level 3 spell: Regeneration
   268 | D:1      | Learned a level 3 spell: Spectral Weapon
   295 | D:1      | Reached skill level 5 in Spellcasting
   535 | D:2      | Reached skill level 1 in Invocations
   772 | D:2      | Reached skill level 1 in Short Blades
   772 | D:2      | Reached skill level 1 in Long Blades
   772 | D:2      | Reached skill level 1 in Axes
   772 | D:2      | Reached skill level 1 in Maces & Flails
   772 | D:2      | Reached skill level 1 in Staves
   772 | D:2      | Reached skill level 1 in Slings
   772 | D:2      | Reached skill level 1 in Bows
   772 | D:2      | Reached skill level 1 in Crossbows
   772 | D:2      | Reached skill level 1 in Throwing
   772 | D:2      | Reached skill level 1 in Stealth
   772 | D:2      | Reached skill level 1 in Shields
   772 | D:2      | Reached skill level 1 in Unarmed Combat
   772 | D:2      | Reached skill level 1 in Evocations
   820 | D:2      | Reached XP level 4. HP: 35/38 MP: 8/11
  1455 | D:3      | Reached skill level 1 in Conjurations
  1455 | D:3      | Reached skill level 1 in Hexes
  1455 | D:3      | Reached skill level 1 in Summonings
  1455 | D:3      | Reached skill level 1 in Necromancy
  1455 | D:3      | Reached skill level 1 in Translocations
  1455 | D:3      | Reached skill level 1 in Transmutations
  1455 | D:3      | Reached skill level 1 in Fire Magic
  1455 | D:3      | Reached skill level 1 in Ice Magic
  1455 | D:3      | Reached skill level 1 in Air Magic
  1455 | D:3      | Reached skill level 1 in Earth Magic
  1455 | D:3      | Reached skill level 1 in Poison Magic
  1462 | D:3      | Reached XP level 5. HP: 15/43 MP: 0/12
  1565 | D:3      | Found a sparkling altar of Nemelex Xobeh.
  1569 | D:3      | Found a basalt altar of Yredelemnul.
  1572 | D:3      | Found a glowing silver altar of Zin.
  1580 | D:3      | Found an ornate altar of the Wu Jian Council.
  1799 | D:3      | Found a glowing drain.
  1840 | Sewer    | Entered a sewer
  1887 | Sewer    | Noticed Purgy
  1911 | Sewer    | Killed Purgy
  1911 | Sewer    | Reached XP level 6. HP: 21/50 MP: 2/14
  2370 | D:4      | Reached skill level 5 in Fighting
  2370 | D:4      | Reached skill level 5 in Polearms
  2370 | D:4      | Reached skill level 5 in Dodging
  2525 | D:4      | Reached XP level 7. HP: 53/56 MP: 7/15
  2737 | D:4      | Found a runed translucent gate.
  2737 | D:4      | Found a runed translucent gate.
  2737 | D:4      | Found a runed translucent gate.
  2738 | D:4      | Noticed 2BsUSBport's ghost (amateur HuFi)
  3128 | D:4      | Got an ichor-stained shield
  3150 | D:4      | Identified the +2 shield of Lugonu's Generosity {Str+2}
                  | (You found it on level 4 of the Dungeon)
  3523 | D:5      | Entered Level 5 of the Dungeon
  3546 | D:5      | Reached XP level 8. HP: 58/63 MP: 16/16
  3558 | D:5      | Found a white marble altar of Elyvilon.
  4202 | D:5      | Reached skill level 6 in Spellcasting
  4245 | D:5      | Found a staircase to the Ecumenical Temple.
  4251 | Temple   | Entered the Ecumenical Temple
  4620 | D:6      | Noticed Sigmund
  6042 | D:7      | Reached XP level 9. HP: 69/69 MP: 12/18
  6416 | D:7      | Found a runed translucent door.
  6416 | D:7      | Noticed Crazy Yiuf
  6428 | D:7      | Killed Crazy Yiuf
  6567 | D:7      | Found a bloodstained altar of Trog.
  6570 | D:7      | Found an iron altar of Okawaru.
  6581 | D:7      | Became a worshipper of Warmaster Okawaru
  6893 | D:8      | Found a sand-covered staircase.
  6900 | Ossuary  | Entered an ossuary
  6970 | Ossuary  | Reached skill level 5 in Armour
  7277 | D:8      | Reached * piety under Okawaru
  7413 | D:8      | Reached skill level 5 in Invocations
  7515 | D:8      | Noticed a two-headed ogre
  7913 | D:4      | Killed 2BsUSBport's ghost
  7913 | D:4      | Reached ** piety under Okawaru
  7913 | D:4      | Reached skill level 7 in Spellcasting
  7913 | D:4      | Reached XP level 10. HP: 61/77 MP: 9/20
  8015 | D:6      | Killed Sigmund
  8121 | D:9      | Found a staircase to the Lair.
  8191 | D:9      | Slain by a wight

Levels and vault maps discovered:
D:1:      lightli_arrival_boilingwater, layout_rooms, minmay_pentomino_z2
D:2:      layout_basic, first_ration, kennysheep_generic_room_9
D:3:      layout_basic, grunt_temple_overflow_cloverleaf,
          cheibrodos_sewer_entry_bend
D:4:      layout_loops_ring, gammafunk_ghost_split
D:5:      layout_loops_ring, lemuel_crystal_altar, minmay_temple_entry_fiery
D:6:      layout_basic, uniq_sigmund
D:7:      layout_basic, grunt_temple_overflow_bloody_war,
          uniq_crazy_yiuf_cottage
D:8:      layout_cave_pods, gup_ossuary_entry_pyramid
D:9:      layout_basic, dpeg_oklobed_lair, hangedman_ranch
          [blue_anna_fruit_fields], onia_ninara_cookie, uniq_maurice
Temple:   regret_index_temple_generic_petals

Skill      XL: |  1  2  3  4  5  6  7  8  9 10 |
---------------+-------------------------------+-----
Spellcasting   | 5 6 7 |  7.1
Invocations    | 1 2 3 4 5 |  5.4
Short Blades   | 1 2 3 4 |  4.9
Long Blades    | 1 2 3 4 |  4.9
Axes           | 1 2 3 4 |  4.9
Maces & Flails | 1 2 3 4 |  4.9
Staves         | 1 2 3 4 |  4.9
Slings         | 1 2 3 4 |  4.9
Bows           | 1 2 3 4 |  4.9
Crossbows      | 1 2 3 4 |  4.9
Throwing       | 1 2 3 4 |  4.9
Stealth        | 1 2 3 4 |  4.9
Shields        | 1 2 3 4 |  4.9
Unarmed Combat | 1 2 3 4 |  4.9
Evocations     | 1 2 3 4 |  4.9
Conjurations   | 1 2 3 4 |  4.1
Hexes          | 1 2 3 4 |  4.1
Summonings     | 1 2 3 4 |  4.1
Necromancy     | 1 2 3 4 |  4.1
Translocations | 1 2 3 4 |  4.1
Transmutations | 1 2 3 4 |  4.1
Fire Magic     | 1 2 3 4 |  4.1
Ice Magic      | 1 2 3 4 |  4.1
Air Magic      | 1 2 3 4 |  4.1
Earth Magic    | 1 2 3 4 |  4.1
Poison Magic   | 1 2 3 4 |  4.1
Armour         | 3 4 5 |  5.6
Fighting       | 5 6 |  6.8
Polearms       | 5 6 |  6.8
Dodging        | 5 6 |  6.8
Charms         | 6 |  6.9

Action                   |  1- 3 |  4- 6 |  7- 9 | 10-12 || total
-------------------------+-------+-------+-------+-------++-------
Melee: Spear             |   149 |   161 |   121 |       ||   431
       Bite              |    11 |    20 |    70 |     7 ||   108
       Punch             |       |     1 |    10 |       ||    11
       Trident           |       |       |   422 |    42 ||   464
Throw: Dart              |       |       |     1 |       ||     1
 Cast: Infusion          |     2 |     4 |     7 |     1 ||    14
       Regeneration      |     2 |     4 |    16 |     2 ||    24
       Shroud of Golubri |     1 |    11 |    47 |     6 ||    65
       Spectral Weapon   |       |     6 |    36 |     3 ||    45
       Song of Slaying   |       |     3 |     4 |       ||     7
  Use: Scroll            |       |     1 |     9 |       ||    10
       Potion            |       |     2 |     1 |     1 ||     4
 Stab: Sleeping          |     4 |     2 |    16 |     2 ||    24
       Distracted        |       |     2 |     5 |       ||     7
  Eat: Chunk             |       |     7 |    18 |     2 ||    27
       Ration            |       |       |     1 |       ||     1
Armor: Leather armour    |    22 |    29 |    42 |       ||    93
       Robe              |       |       |     8 |     9 ||    17
Dodge: Dodged            |    69 |    93 |   233 |    35 ||   430

Table legend:
 A = Non-vault XP
 B = Vault XP
 C = Vault XP percentage of total XP
 D = Non-vault monster count
 E = Vault monster count
 F = Vault count percentage of total count
                 A         B        C        D         E       F
            +---------+---------+-------+---------+---------+-------
      Total |    4517 |     948 |  17.3 |     168 |      47 |  21.9
            +---------+---------+-------+---------+---------+-------
        D:1 |      45 |       4 |   8.2 |      25 |       2 |   7.4
        D:2 |      52 |       0 |   0.0 |      23 |       0 |   0.0
        D:3 |     147 |      10 |   6.4 |      11 |       2 |  15.4
        D:4 |     770 |     286 |  27.1 |      33 |       2 |   5.7
        D:5 |     458 |       0 |   0.0 |      15 |       0 |   0.0
        D:6 |     409 |     208 |  33.7 |       8 |       1 |  11.1
        D:7 |    1071 |      57 |   5.1 |      27 |       2 |   6.9
        D:8 |    1136 |      18 |   1.6 |      19 |       1 |   5.0
        D:9 |     429 |       0 |   0.0 |       7 |       0 |   0.0
      Sewer |       0 |     154 | 100.0 |       0 |       8 | 100.0
    Ossuary |       0 |     211 | 100.0 |       0 |      29 | 100.0
            +---------+---------+-------+---------+---------+-------
